 Dungeon Crawl Stone Soup version 0.23.2-1-ga50397a6bc (webtiles) character file.

Game seed: 7574871202993341630

13482 Foic the Eclecticist (level 11, -5/54 HPs)
             Began as a Deep Elf Wizard on May 24, 2019.
             Was a High Priest of Sif Muna.
             Slain by an unseen horror (7 damage)
             ... on level 11 of the Dungeon on May 25, 2019.
             The game lasted 02:57:48 (28318 turns).

Foic the Eclecticist (Deep Elf Wizard)             Turns: 28318, Time: 02:57:48

Health: -5/54      AC: 10    Str:  4    XL:     11   Next: 76%
Magic:  29/33      EV: 22    Int: 27    God:    Sif Muna [*****.]
Gold:   1506       SH:  0    Dex: 16    Spells: 26/43 levels left

rFire    . . .     SeeInvis .   x - staff of poison
rCold    . . .     Gourm    .   (no shield)
rNeg     . . .     Faith    .   L - +0 leather armour {rPois}
rPois    +         Spirit   .   B - +0 helmet
rElec    .         Reflect  .   H - +0 cloak
rCorr    .         Harm     .   j - +1 pair of gloves {Dex+3}
MR       +....                  i - +0 pair of boots
Stlth    +++.......             g - amulet of regeneration
HPRegen  0.58/turn              o - +3 ring of evasion
MPRegen  0.23/turn              b - ring of stealth

@: invisible
A: icy blue scales 1, sturdy frame 1
a: Divine Energy, Channel Magic, Forget Spell, Renounce Religion


You were on level 11 of the Dungeon.
You worshipped Sif Muna.
Sif Muna was extremely pleased with you.
You were hungry.

You visited 4 branches of the dungeon, and saw 17 of its levels.

You collected 1506 gold pieces.

Inventory:

Hand Weapons
 s - the +8 frozen axe "Frostbite" {freezing cloud, *Noise +Fly rC+}
   (You found it on level 5 of the Dungeon)

   It has been specially enchanted to freeze those struck by it, causing extra
   injury to most foes and up to half again as much damage against particularly
   susceptible opponents.
   It can also slow down cold-blooded creatures.
   It protects you from cold.
   It lets you fly.
   It may make noises in combat.
 w - a +3 quarterstaff of chaos
 E - a +4 blowgun
 K - the cursed +0 war axe of Slow Death {drain, *Noise Str+4, unknown}
   (You found it on level 9 of the Dungeon)

   A truly terrible weapon, it drains the life of those it strikes.
   It affects your strength (+4).
   It may make noises in combat.
   It has a curse placed upon it.
Missiles
 p - 378 arrows
 F - 5 curare-tipped needles
Armour
 f - the +3 scale mail of Igung {Str+4}
   (You found it on level 4 of the Dungeon)

   It affects your strength (+4).
 i - a +0 pair of boots (worn)
 j - a +1 pair of gloves of dexterity (worn)
 B - a +0 helmet (worn)
 H - a +0 cloak (worn)
 L - a +0 leather armour of poison resistance (worn)
 M - a +2 robe of fire resistance
Magical Staves
 x - an uncursed staff of poison (weapon)
Jewellery
 b - a ring of stealth (right hand)
 e - an uncursed ring of positive energy
 g - an amulet of regeneration (around neck)
 o - a +3 ring of evasion (left hand)
 v - an uncursed amulet of rage
 z - an uncursed amulet of the gourmand
Wands
 u - a wand of paralysis (6)
 D - a wand of flame (54)
 I - a wand of iceblast (10)
Scrolls
 c - 7 scrolls of identify
 k - 7 scrolls of remove curse
 l - a scroll of magic mapping
 q - 5 scrolls of teleportation
 y - 2 scrolls of enchant armour
 A - a scroll of enchant weapon
 G - 4 scrolls of blinking
 P - a scroll of fear {unknown}
Potions
 a - a potion of invisibility
 h - 4 potions of might
 n - a potion of brilliance
 r - 2 potions of agility
 t - a potion of mutation
 C - 2 potions of lignification
 O - a potion of flight {unknown}
Miscellaneous
 N - a phantom mirror
Comestibles
 d - 20 rations


   Skills:
 + Level 0.1 Fighting
 * Level 9.6 Dodging
 + Level 3.5 Stealth
 + Level 16.9 Spellcasting
 + Level 5.9 Conjurations
 + Level 5.0 Hexes
 + Level 8.6 Summonings
 + Level 3.0 Translocations
 + Level 0.9 Fire Magic
 + Level 1.4 Air Magic


You had 26 spell levels left.
You knew the following spells:

 Your Spells              Type           Power        Failure   Level  Hunger
a - Magic Dart            Conj           ####         1%          1    None
b - Blink                 Tloc           N/A          1%          2    None
c - Call Imp              Summ           ######..     1%          2    None
d - Slow                  Hex            ######..     1%          2    None
e - Conjure Flame         Conj/Fire      #####...     1%          3    None
f - Lightning Bolt        Conj/Air       #####.....   14%         5    None
g - Swiftness             Chrm/Air       ####....     2%          2    None

Your spell library contained the following spells:

 Spells                   Type           Power        Failure   Level  Hunger
 Shock                    Conj/Air       ####         1%          1    None
 Static Discharge         Conj/Air       #####...     1%          3    None
 Mephitic Cloud           Conj/Pois/Air  ######..     2%          3    None
 Airstrike                Air            ####......   13%         4    None


Dungeon Overview and Level Annotations

Branches:
Dungeon (11/15)            Temple (1/1) D:7            Lair (3/6) D:10
 Spider (0/4) Lair:3          Orc (2/2) D:9             Elf (0/3) Orc:2
  Swamp: Lair:2-4    Shoals: Lair:2-4

Altars:
Ashenzari
Cheibriados
Dithmenos
Elyvilon
Fedhas
Gozag
Hepliaklqana
Kikubaaqudgha
Makhleb
Nemelex Xobeh
Okawaru
Qazlal
Ru
Sif Muna
Trog
Uskayaw
Vehumet
Wu Jian
Xom
Yredelemnul
Zin
The Shining One

Shops:
D:5 }   D:10 }   Orc:1 (

Portals:
Trove: D:10 (give 2 scrolls of acquirement)

Annotations:
Lair:2 exclusion: 2 oklob plants
Orc:2 Azrael, Nessos


Innate Abilities, Weirdness & Mutations

You are partially covered in icy blue scales. (AC +2)
Your movements are slightly less encumbered by armour. (ER -2)


Message History

Confirm with . or Enter, or press ? or * to list all spells.
Aiming: Magic Dart (safe; 1% risk of failure)
Press: ? - help, Shift-Dir - straight line Really fire in your crimson imp's direction?
The magic dart hits something.
Something hits you!
Something barely misses your crimson imp.
Something hits you!
* * * LOW HITPOINT WARNING * * *
Your crimson imp barely misses something.
Something closely misses you. Something hits you but does no damage.
Something hits you!
* * * LOW HITPOINT WARNING * * *
Something hits you.
* * * LOW HITPOINT WARNING * * *
There is an open door, spattered with blood here.
It was a potion of invisibility.
You fade into invisibility!
Something hits you!
You die...

#...# #.<.# #...#
###...###
+...⌠...+
##.....## #
##...## ###. ##.##
...### #@# ...####
##.# # #....# #..#
.####..#(######5##
....#....(.55..(#
....#......)#####
....#()÷..5.#
....#(......#
....)########


You could see a friendly crimson imp.

Vanquished Creatures
  4 blink frogs
  A hippogriff (D:8)
  A wyvern (D:9)
  2 basilisks (Lair:1)
  A hungry ghost (D:7)
  A wraith (D:10)
  Menkaure (D:7)
  A warg (D:9)
  2 porcupines
  An ice beast (D:7)
  6 orc warriors
  A phantom (D:9)
  4 ogres
  2 necrophages
  3 wolves
  10 centaurs
  A big kobold (D:9)
  2 bullfrogs
  A wyvern zombie (D:10)
  5 killer bees
  6 wights
  5 electric eels
  3 crimson imps
  A bullfrog zombie (D:5)
  3 hounds
  12 orc wizards
  9 orc priests
  2 jellies (Lair:1)
  A centaur skeleton (D:8)
  A killer bee zombie (D:9)
  A hound zombie (D:5)
  6 gnolls
  3 adders
  An ooze (Lair:1)
  2 worms (D:5)
  2 dart slugs (D:1)
  7 leopard geckos
  35 orcs
  A ball python (D:4)
  4 giant cockroaches
  4 goblins
  6 hobgoblins
  3 quokkas
  A ball python skeleton (D:4)
  7 bats
  6 frilled lizards
  A giant cockroach zombie (D:5)
  A jackal zombie (D:8)
  6 kobolds
  9 rats
  A plant (Lair:2)
200 creatures vanquished.

Vanquished Creatures (collateral kills)
  A vault guard (D:10)
  A two-headed ogre (D:10)
  Urug (D:9)
  2 orc high priests
  An orc knight (D:9)
  A black mamba (Lair:1)
  A spiny frog (Lair:1)
  A komodo dragon (Lair:2)
  A troll (D:10)
  2 hornets
  3 blink frogs
  A slime creature (Lair:1)
  A hippogriff (Lair:2)
  3 yaks (D:4)
  2 wargs
  A soldier ant (D:10)
  An acid dragon (D:10)
  A porcupine (Lair:2)
  Duvessa (D:7)
  2 water moccasins
  15 orc warriors
  5 sky beasts
  An ice beast (D:6)
  2 black bears
  4 ogres
  3 phantoms
  A wolf (Lair:2)
  A crocodile (Lair:2)
  A centaur (D:6)
  4 big kobolds
  7 bullfrogs
  A gnoll sergeant (D:6)
  2 scorpions
  Dowan (D:7)
  3 killer bees
  7 wights
  A howler monkey (D:3)
  An electric eel (D:9)
  3 crimson imps
  5 hounds
  11 jellies
  A gnoll shaman (D:3)
  4 orc priests
  Crazy Yiuf (D:3)
  2 bullfrog skeletons
  2 centaur skeletons
  4 iguanas
  Natasha (thrice) (D:3)
  6 orc wizards
  5 worker ants
  6 adders
  4 gnolls
  A howler monkey skeleton (D:7)
  2 shadow imps
  9 oozes (Lair:1)
  An adder zombie (D:7)
  3 worms
  3 leopard geckos (D:3)
  35 orcs
  4 giant cockroaches
  A goblin (D:2)
  3 hobgoblins
  5 jackals
  A quokka (D:7)
  A ball python (D:4)
  15 kobolds
  A leopard gecko zombie (D:7)
  A butterfly (Lair:2)
  A fungus (Lair:2)
232 creatures vanquished.

Vanquished Creatures (others)
  An orc wizard (D:7)
  A kobold (D:10)
  5 fungi (Lair:1)
  10 plants
17 creatures vanquished.

Grand Total: 449 creatures vanquished

Notes
Turn   | Place    | Note
-------+----------+-------------------------------------------
     0 | D:1      | Foic the Deep Elf Wizard began the quest for the Orb.
     0 | D:1      | Reached XP level 1. HP: 10/10 MP: 7/7
   225 | D:1      | Reached XP level 2. HP: 15/15 MP: 6/9
   301 | D:1      | Learned a level 2 spell: Blink
   304 | D:1      | Learned a level 2 spell: Call Imp
   307 | D:1      | Learned a level 2 spell: Slow
   569 | D:1      | Reached skill level 5 in Spellcasting
   804 | D:1      | Reached XP level 3. HP: 19/19 MP: 5/11
  1182 | D:2      | Learned a level 3 spell: Conjure Flame
  1625 | D:2      | Reached skill level 6 in Spellcasting
  1685 | D:2      | Found a sacrificial altar of Ru.
  1821 | D:2      | Reached XP level 4. HP: 12/24 MP: 7/14
  1825 | D:2      | Gained mutation: You are partially covered in icy blue
                  | scales. (AC +2) [potion of mutation]
  1825 | D:2      | Gained mutation: Your movements are slightly less
                  | encumbered by armour. (ER -2) [potion of mutation]
  3272 | D:3      | Noticed Natasha
  3288 | D:3      | Killed Natasha
  3288 | D:3      | Reached XP level 5. HP: 28/28 MP: 6/16
  3454 | D:3      | Noticed Natasha
  3467 | D:3      | Killed Natasha
  3507 | D:3      | Found an iron altar of Okawaru.
  3673 | D:3      | Found a runed translucent door.
  3674 | D:3      | Noticed Crazy Yiuf
  4028 | D:3      | Noticed Natasha
  4073 | D:3      | Killed Natasha
  4410 | D:4      | Noticed an ogre
  4434 | D:4      | Killed an ogre
  4434 | D:4      | Reached skill level 7 in Spellcasting
  4586 | D:4      | Noticed a phantom
  4838 | D:3      | Killed a phantom
  4838 | D:3      | Reached XP level 6. HP: 32/32 MP: 2/18
  5921 | D:4      | Got a crude scale mail
  6030 | D:4      | Noticed a sky beast
  6098 | D:4      | Killed a sky beast
  6098 | D:4      | Reached skill level 8 in Spellcasting
  6098 | D:4      | Reached XP level 7. HP: 36/36 MP: 12/20
  6275 | D:5      | Entered Level 5 of the Dungeon
  6275 | D:5      | Found Akaody's Gadget Shop.
  6358 | D:5      | Noticed a yak
  6366 | D:5      | Noticed a yak
  6366 | D:5      | Noticed a yak
  6623 | D:4      | Killed a yak
  7005 | D:5      | Reached skill level 9 in Spellcasting
  7272 | D:4      | Killed a yak
  7337 | D:5      | Found the +8 frozen axe "Frostbite" {freezing cloud, *Noise
                  | +Fly rC+}
  7590 | D:4      | Killed a yak
  7590 | D:4      | Reached skill level 5 in Dodging
  7590 | D:4      | Reached skill level 10 in Spellcasting
  7590 | D:4      | Reached XP level 8. HP: 41/41 MP: 4/24
  7717 | D:5      | Found a stormy altar of Qazlal.
  7730 | D:5      | Noticed an air elemental
  7747 | D:5      | Found a radiant altar of Vehumet.
  7976 | D:5      | Identified the +3 scale mail of Igung {Str+4} (You found it
                  | on level 4 of the Dungeon)
  8139 | D:6      | Reached skill level 1 in Hexes
  8455 | D:6      | Reached skill level 11 in Spellcasting
 10446 | D:7      | Noticed Dowan
 10461 | D:7      | Killed Dowan
 10461 | D:7      | Noticed Duvessa
 10491 | D:7      | Killed Duvessa
 10629 | D:7      | Reached skill level 12 in Spellcasting
 10629 | D:7      | Reached XP level 9. HP: 45/45 MP: 9/27
 10817 | D:7      | Noticed Menkaure
 10964 | D:7      | Killed Menkaure
 11263 | D:7      | Found a staircase to the Ecumenical Temple.
 11306 | D:7      | Reached skill level 5 in Summonings
 11492 | Temple   | Entered the Ecumenical Temple
 11532 | Temple   | Became a worshipper of Sif Muna the Loreminder
 12350 | D:7      | Reached skill level 13 in Spellcasting
 13221 | D:7      | Reached * piety under Sif Muna
 13643 | D:8      | Found a stormy altar of Qazlal.
 13716 | D:8      | Reached skill level 14 in Spellcasting
 14480 | D:8      | Reached XP level 10. HP: 50/50 MP: 22/30
 15650 | D:9      | Got a bloodstained war axe
 15657 | D:9      | Got a steaming leather armour
 15658 | D:9      | Identified the cursed +0 leather armour of Pandemonium
                  | {rC+} (You found it on level 9 of the Dungeon)
 15737 | D:9      | Reached ** piety under Sif Muna
 15946 | D:9      | Reached skill level 5 in Conjurations
 16827 | D:9      | Found a shattered altar of Ashenzari.
 16828 | D:9      | Found a shadowy altar of Dithmenos.
 17096 | D:9      | Found a staircase to the Orcish Mines.
 17274 | Orc:1    | Entered Level 1 of the Orcish Mines
 17553 | D:10     | Entered Level 10 of the Dungeon
 17553 | D:10     | Found a staircase to the Lair.
 17565 | D:10     | Noticed Urug
 17737 | D:10     | Noticed a two-headed ogre
 17871 | D:9      | Killed Urug
 17871 | D:9      | Reached skill level 15 in Spellcasting
 18016 | D:10     | Found Ynumiom's Gadget Shop.
 18479 | D:10     | Reached *** piety under Sif Muna
 18866 | D:10     | Killed a two-headed ogre
 19277 | D:10     | Noticed a vault guard
 19410 | D:10     | Killed a vault guard
 19541 | D:10     | Found a portal to a secret trove of treasure.
 19848 | D:3      | Killed Crazy Yiuf
 20046 | Lair:1   | Entered Level 1 of the Lair of Beasts
 20111 | D:10     | Reached XP level 11. HP: 51/54 MP: 12/32
 20469 | Orc:1    | Found Vosaav's Weapon Shop.
 20751 | Orc:1    | Noticed an orc knight
 21350 | Lair:1   | Reached skill level 16 in Spellcasting
 21844 | Lair:1   | Reached **** piety under Sif Muna
 22743 | Lair:2   | Learned a level 5 spell: Lightning Bolt
 22746 | Lair:2   | Learned a level 2 spell: Swiftness
 23158 | Lair:2   | Noticed an oklob plant
 23158 | Lair:2   | Noticed an oklob plant
 24675 | Lair:3   | Found a hole to the Spider Nest.
 24675 | Lair:3   | Noticed a wolf spider
 24970 | D:9      | Killed an orc knight
 25461 | Orc:1    | Noticed an orc high priest
 25645 | D:9      | Killed an orc high priest
 26054 | Orc:1    | Noticed an orc high priest
 26070 | Orc:1    | Killed an orc high priest
 26451 | Orc:1    | Reached ***** piety under Sif Muna
 26670 | Orc:2    | Entered Level 2 of the Orcish Mines
 27032 | Orc:2    | Reached skill level 1 in Air Magic
 27274 | Orc:2    | Found a staircase to the Elven Halls.
 27288 | Orc:2    | Noticed Azrael
 27289 | Orc:2    | Noticed Nessos
 27924 | D:10     | Reached skill level 5 in Hexes
 28317 | D:11     | HP: 1/54 [something (2)]
 28318 | D:11     | Slain by an unseen horror

Skill      XL: |  1  2  3  4  5  6  7  8  9 10 11 |
---------------+----------------------------------+-----
Dodging        | 3 4 5 6 8 9 |  9.6
Spellcasting   | 5 6 7 8 10 12 14 15 16 | 16.9
Stealth        | 3 |  3.5
Summonings     | 2 3 4 5 7 8 |  8.6
Conjurations   | 2 3 4 5 |  5.9
Hexes          | 1 2 3 5 |  5.0
Translocations | 2 3 |  3.0
Air Magic      | 1 |  1.4
Fighting       | |  0.1
Fire Magic     | |  0.9

Action                   |  1- 3 |  4- 6 |  7- 9 | 10-12 || total
-------------------------+-------+-------+-------+-------++-------
Melee: Unarmed           |       |       |     1 |       ||     1
       Staff             |       |       |     1 |     2 ||     3
Throw: Javelin           |       |       |       |     1 ||     1
 Cast: Magic Dart        |    72 |    88 |   345 |   538 ||  1043
       Call Imp          |    12 |    90 |   200 |   444 ||   746
       Blink             |     3 |    27 |    24 |    55 ||   109
       Slow              |       |     9 |    20 |   129 ||   158
       Conjure Flame     |       |       |    13 |     9 ||    22
       Lightning Bolt    |       |       |       |    31 ||    31
       Swiftness         |       |       |       |     1 ||     1
  Use: Potion            |     2 |     5 |     1 |     9 ||    17
       Scroll            |       |     3 |     3 |    11 ||    17
  Eat: Chunk             |     3 |    12 |     9 |    34 ||    58
       Ration            |       |       |     5 |     2 ||     7
Armor: Robe              |     4 |    19 |     8 |       ||    31
       Leather armour    |       |       |    26 |    67 ||    93
Dodge: Dodged            |     6 |    81 |   204 |   372 ||   663
